 Dungeon Crawl Stone Soup version 0.18-a0-1560-ge216ca8 (webtiles) character file.

414 Duffy the Ruffian (level 6, -4/34 HPs)
             Began as a Gargoyle Transmuter on Mar 12, 2016.
             Slain by a giant frog (8 damage)
             ... on level 5 of the Dungeon.
             The game lasted 00:05:36 (5582 turns).

Duffy the Ruffian (Gargoyle Transmuter)             Turns: 5582, Time: 00:05:37

Health: -4/34      AC:  2    Str: 16    XL:     6   Next: 91%
Magic:  1/9        EV: 18    Int: 13    God:
Gold:   113        SH:  0    Dex: 12    Spells: 2 memorised, 5 levels left

rFire  . . .     SeeInvis .       - Unarmed
rCold  . . .     Gourm    .     (armour currently unavailable)
rNeg   + . .     Faith    .     (shield currently unavailable)
rPois  ∞         Spirit   .     (helmet currently unavailable)
rElec  .         Dismiss  .     (cloak currently unavailable)
rCorr  .         Reflect  .     (gloves currently unavailable)
SustAt .         Harm     .     (boots currently unavailable)
MR     .....                    (no amulet)
Stlth  +.........               (no ring)
                                l - -3 ring of dexterity (curse)

@: spider-form, very slightly contaminated, not resistant to hostile
enchantments, very unstealthy
A: negative energy resistance 1, (electricity resistance), (unbreathing),
petrification resistance, rot immunity, AC +4
a: End Transformation


You were on level 5 of the Dungeon.
You were not hungry.
You were a venomous arachnid creature.
You visited 2 branches of the dungeon, and saw 6 of its levels.

You collected 113 gold pieces.


Innate Abilities, Weirdness & Mutations

You are resistant to torment.
((Your stone body is resilient (AC +4).))
You are immune to poison.
You resist negative energy.
((You are resistant to electric shocks.))
((You can survive without breathing.))
You are immune to petrification.
You are immune to rotting.


   Skills:
 - Level 1.1 Fighting
 - Level 1.5 Dodging
 + Level 7.0 Unarmed Combat
 - Level 2.0 Spellcasting
 - Level 2.0 Transmutations
 - Level 2.0 Poison Magic


You had 5 spell levels left.
You knew the following spells:

 Your Spells              Type           Power        Failure   Level  Hunger
a - Beastly Appendage     Trmt           #.....       28%         1    ##.....
l - Spider Form           Trmt/Pois      #.........   56%         3    ####...

Inventory:

Missiles
 a - 56 arrows
 r - 12 poisoned needles
Armour
 b - a +0 robe (melded)
 e - a +0 helmet (melded)
 h - a +0 plate armour
 D - a +0 cloak of poison resistance (melded)
Jewellery
 l - a cursed -3 ring of dexterity (left front leg)
 x - an uncursed amulet of dismissal
Wands
 w - a wand of digging (1/24)
 z - a wand of polymorph (20/24)
 B - a wand of teleportation (5/9)
Scrolls
 m - a scroll of teleportation {unknown}
 n - 2 scrolls of fear {unknown}
 p - 3 scrolls of enchant armour {unknown}
 q - 2 scrolls of recharging {unknown}
 t - 2 scrolls of amnesia {unknown}
 v - a scroll of noise {unknown}
 y - a scroll of immolation {unknown}
 E - a scroll of vulnerability {unknown}
 F - a scroll of remove curse {unknown}
Potions
 g - 2 potions of cure mutation
 i - a potion of resistance
 j - 2 potions of might {unknown}
 k - 5 potions of curing {unknown}
 o - a potion of invisibility
 s - 2 potions of berserk rage
 u - a potion of haste {unknown}
 A - a potion of brilliance {unknown}
 C - a potion of lignification {unknown}
Books
 c - a book of Changes
Comestibles
 d - a bread ration
 f - 2 meat rations
 G - a slice of pizza

Dungeon Overview and Level Annotations

Branches:
Dungeon (5/15)             Temple (1/1) D:4

Altars:
Dithmenos
Elyvilon
Gozag
Kikubaaqudgha
Nemelex Xobeh
Okawaru
Pakellas
Qazlal
Ru
Trog
Xom
Yredelemnul
Zin


Message History

You hit the jelly.
Your hands burn!
The jelly is almost dead.
The jelly closely misses you.
You hit the jelly but do no damage.
Your hands burn!
You punch the jelly.
You kill the jelly!
Your Unarmed Combat skill increases to level 7!
Items here: ))) [ a club; a short sword; a whip; a scale mail There isn't anything to butcher here.
A giant frog comes into view.
The giant frog gives a loud, deep croak!
Cast which spell? (? or * to list)
You miscast Spider Form.
You are very lightly contaminated with residual magic.
The air around you crackles with energy!
The giant frog hits you.
Cast which spell? (? or * to list)
You miscast Spider Form.
You feel weak for a moment. The giant frog misses you.
The giant frog barely misses you.
Cast which spell? (? or * to list)
You turn into a venomous arachnid creature.
Your +0 cloak of poison resistance melds into your body.
Your +0 helmet melds into your body.
Your +0 robe melds into your body.
The giant frog misses you.
You barely miss the giant frog. The giant frog hits you!
The giant frog barely misses you.
You completely miss the giant frog. The giant frog barely misses you.
You bite the giant frog!
The giant frog is poisoned.
The giant frog is heavily wounded.
The giant frog barely misses you.
You closely miss the giant frog.
The giant frog is severely wounded.
The giant frog closely misses you. The giant frog misses you.
The giant frog hits you!
You die...

#######################
#....Fs................
#.#####################
#.# #.# #)# #.# #..
#..# #..#


You could see a giant frog.

Action                   |  1- 3 |  4- 6 || total
-------------------------+-------+-------++-------
Melee: Unarmed           |   172 |   286 ||   458
 Cast: Spider Form       |       |     9 ||     9
  Use: Scroll            |       |     4 ||     4
 Stab: Sleeping          |     1 |       ||     1
  Eat: Chunk             |     4 |    10 ||    14
       Bread ration      |       |     1 ||     1

Notes
Turn   | Place    | Note
--------------------------------------------------------------
     0 | D:1      | Duffy the Gargoyle Transmuter began the quest for the Orb.
     0 | D:1      | Reached XP level 1. HP: 12/12 MP: 3/3
   346 | D:1      | Reached XP level 2. HP: 16/16 MP: 5/5
   632 | D:1      | Reached skill level 4 in Unarmed Combat
   639 | D:1      | Reached XP level 3. HP: 11/20 MP: 6/6
  1667 | D:2      | Learned a level 3 spell: Spider Form
  2035 | D:2      | Reached XP level 4. HP: 25/25 MP: 7/7
  2138 | D:2      | Found an oddly glowing altar of Pakellas.
  2302 | D:2      | Reached skill level 2 in Transmutations
  2564 | D:3      | Reached skill level 1 in Poison Magic
  2692 | D:3      | Noticed Jessica
  2718 | D:3      | Killed Jessica
  2718 | D:3      | Reached XP level 5. HP: 17/29 MP: 8/8
  2727 | D:3      | Reached skill level 5 in Unarmed Combat
  2727 | D:3      | Reached skill level 2 in Poison Magic
  2987 | D:3      | Noticed Natasha
  3412 | D:3      | Killed Natasha
  3838 | D:3      | Reached XP level 6. HP: 30/34 MP: 5/9
  3907 | D:3      | Noticed Natasha
  3913 | D:3      | Killed Natasha
  3913 | D:3      | Reached skill level 6 in Unarmed Combat
  4228 | D:3      | Noticed Natasha
  4237 | D:3      | Killed Natasha
  4447 | D:3      | Noticed Crazy Yiuf
  4457 | D:3      | Killed Crazy Yiuf
  4852 | D:4      | Found a staircase to the Ecumenical Temple.
  4861 | Temple   | Entered the Ecumenical Temple
  4989 | D:4      | Noticed a phantom
  5031 | D:5      | Entered Level 5 of the Dungeon
  5534 | D:5      | Reached skill level 7 in Unarmed Combat
  5582 | D:5      | Slain by a giant frog

Vault maps used:
D:1:      minmay_arrival_split_and_join, minmay_lizard_king
D:2:      johnstein_pakellas_dig, minivault_11
D:3:      first_bread, kennysheep_small_spiral, hex_tiny, uniq_jessica,
          uniq_crazy_yiuf_cottage, uniq_natasha
D:4:      lemuel_temple_firewalk_marked
Temple:   circular_temple_12

Vanquished Creatures
  A jelly
  A hound Crazy Yiuf
  An orc priest Jessica Natasha (thrice)
  A worker ant
  6 adders
  4 oozes
  A worm
  2 dart slugs
  3 giant geckos
  7 orcs
  5 giant cockroaches
  3 goblins
  8 hobgoblins
  10 jackals
  2 quokkas
  5 bats
  16 giant newts
  A jackal skeleton
  6 kobolds
  6 rats
94 creatures vanquished.
